 Dungeon Crawl Stone Soup version 0.21.0 (webtiles) character file.

264 Leibowitz the Cutter (level 6, -7/37 HPs)
             Began as a Kobold Gladiator on Jan 7, 2018.
             Mangled by an iguana (9 damage)
             ... on level 4 of the Dungeon.
             The game lasted 00:07:58 (3310 turns).

Leibowitz the Cutter (Kobold Gladiator)             Turns: 3310, Time: 00:07:59

Health: -7/37      AC:  6    Str: 11      XL:     6   Next: 43%
Magic:  6/6        EV: 16    Int: 10      God:
Gold:   75         SH:  5    Dex: 17 (18) Spells: 5/5 levels left

rFire    . . .     SeeInvis +   a - +0 rapier
rCold    . . .     Gourm    .   e - +0 buckler
rNeg     . . .     Faith    .   b - +0 leather armour
rPois    .         Spirit   .   c - +0 helmet
rElec    .         Reflect  .   (no cloak)
rCorr    .         Harm     .   (no gloves)
MR       .....                  h - +0 pair of boots
Stlth    ++........             o - amulet of magic regeneration
HPRegen  0.12/turn              n - +1 ring of protection
MPRegen  0.35/turn              q - ring of see invisible

@: no status effects
A: small, carnivore
a: no special abilities


You were on level 4 of the Dungeon.
You were completely stuffed.

You visited 1 branch of the dungeon, and saw 4 of its levels.

You collected 75 gold pieces.

Inventory:

Hand Weapons
 a - a +0 rapier (weapon)
Missiles
 d - 3 throwing nets (quivered)
Armour
 b - a +0 leather armour (worn)
 c - a +0 helmet (worn)
 e - a +0 buckler (worn)
 h - a +0 pair of boots (worn)
Jewellery
 n - a +1 ring of protection (left hand)
 o - an amulet of magic regeneration (around neck)
 q - a ring of see invisible (right hand)
Scrolls
 g - a scroll of magic mapping {unknown}
 i - 5 scrolls of teleportation {unknown}
 j - a scroll of enchant weapon {unknown}
 k - 2 scrolls of remove curse {unknown}
 m - a scroll of enchant armour {unknown}
 r - a scroll of random uselessness {unknown}
 s - a scroll of identify {unknown}
 t - a scroll of amnesia {unknown}
Comestibles
 f - 11 rations


   Skills:
 * Level 3.0 Fighting
 * Level 6.2 Short Blades
 - Level 2.1 Throwing
 * Level 1.7 Armour
 * Level 4.4 Dodging
 * Level 2.6 Stealth
 * Level 1.3 Shields


You had 5 spell levels left.
You didn't know any spells.

Dungeon Overview and Level Annotations

Branches:
Dungeon (4/15)
 Temple: D:4-7

Altars:
Kikubaaqudgha
Uskayaw

Annotations:
D:4 exclusion: door


Innate Abilities, Weirdness & Mutations

You are small and have problems with some larger weapons.
You are carnivorous and can eat meat at any time.


Message History

The iguana is moderately wounded.
The iguana bites you!
You hit the iguana but do no damage.
The iguana is moderately wounded.
The iguana bites you!
You hit the iguana.
The iguana is moderately wounded.
The iguana bites you!
* * * LOW HITPOINT WARNING * * *
You hit the iguana.
The iguana is severely wounded.
The iguana bites you.
* * * LOW HITPOINT WARNING * * *
Throwing (i - inventory):
d - 4 throwing nets (quivered)
Press: ? - help, Shift-Dir - straight line, f - iguana
Aim: an iguana (severely wounded)
You throw a throwing net.
The throwing net closely misses the iguana.
The iguana bites you!
You die...

.##.#.....P....
........
...............
........
.######.#####.#
######## #..#
.# # ##.## #
#..# # ##.## #
######l.#
######
#.....#@#
#.....
#..............
.......
#.....).....###
##.#...
#.....$.....#
>......
#.(..........#
..<....
#######......#
#.#.## #......#
#.#.#..#
.....>##
#.#....#
#.#.#...


You could see an iguana.

Vanquished Creatures
  An orc wizard (D:3)
  An orc priest (D:4)
  6 adders
  2 gnolls (D:4)
  3 oozes
  An adder skeleton (D:4)
  A worm (D:3)
  A dart slug (D:2)
  4 leopard geckos
  8 orcs
  6 giant cockroaches
  3 goblins
  7 hobgoblins
  26 jackals
  4 quokkas
  A ball python (D:3)
  5 bats
  8 frilled lizards
  7 kobolds
  2 rats
97 creatures vanquished.

Notes
Turn   | Place    | Note
-------+----------+-------------------------------------------
     0 | D:1      | Leibowitz the Kobold Gladiator began the quest for the Orb.
     0 | D:1      | Reached XP level 1. HP: 12/12 MP: 1/1
   344 | D:1      | Reached XP level 2. HP: 15/17 MP: 2/2
   806 | D:1      | Reached XP level 3. HP: 21/21 MP: 3/3
  1250 | D:2      | Reached skill level 1 in Stealth
  1611 | D:2      | Reached XP level 4. HP: 21/27 MP: 4/4
  1926 | D:3      | Reached skill level 5 in Short Blades
  1999 | D:3      | Reached skill level 1 in Shields
  2117 | D:3      | Reached skill level 1 in Armour
  2173 | D:3      | Reached XP level 5. HP: 18/31 MP: 5/5
  2229 | D:3      | Found an ancient bone altar of Kikubaaqudgha.
  2595 | D:4      | Noticed a dagger
  2596 | D:4      | Found a hide-covered altar of Uskayaw.
  2596 | D:4      | Noticed a hand axe
  2665 | D:4      | Reached XP level 6. HP: 6/36 MP: 6/6
  2679 | D:4      | Reached skill level 6 in Short Blades
  3310 | D:4      | Mangled by an iguana

Skill      XL: |  1  2  3  4  5  6 |
---------------+-------------------+-----
Stealth        | 1 2 |  2.6
Short Blades   | 5 6 |  6.2
Shields        | 1 |  1.3
Dodging        | 4 |  4.4
Armour         | 1 |  1.7
Fighting       | 3 |  3.0
Throwing       | |  2.1

Action                   |  1- 3 |  4- 6 || total
-------------------------+-------+-------++-------
Melee: Rapier            |   128 |   271 ||   399
Throw: Throwing net      |       |     1 ||     1
  Use: Potion            |       |     4 ||     4
 Stab: Sleeping          |     4 |     3 ||     7
       Invisible         |       |     5 ||     5
  Eat: Chunk             |     8 |     9 ||    17
Armor: Leather armour    |    26 |    63 ||    89
Dodge: Dodged            |    80 |   220 ||   300
Block: Buckler           |    21 |    63 ||    84
